[ PARTIDA AOE2 · #465172734 ]
Team RMWei vs Huns
[ ANÁLISIS DE REPETICIÓN · EXTRAÍDO DE LA PARTIDA GRABADA ]
Feudal
13:30
Castillos
17:31
Imperial
—
| APM promedio | 45.8 |
| APM pico | 81 |
| eAPM promedio | 23.0 |
| Aldeanos / militares | 66 / 5 |
Foco
⚔️ 37.6% · 🌾 62.4%
Unknown (1949) ×19 · Fishing Ship ×9 · Unknown (2626) ×4 · Monk ×2 · Mangonel ×2 · Transport Ship ×1
Feudal
13:08
Castillos
18:31
Imperial
—
| APM promedio | 23.2 |
| APM pico | 65 |
| eAPM promedio | 12.4 |
| Aldeanos / militares | 36 / 21 |
Foco
⚔️ 36.1% · 🌾 63.9%
Archer ×11 · Fishing Ship ×5 · Monk ×4 · Battering Ram ×4 · Fire Galley ×2
Feudal
13:55
Castillos
17:51
Imperial
—
| APM promedio | 46.8 |
| APM pico | 129 |
| eAPM promedio | 17.2 |
| Aldeanos / militares | 75 / 43 |
Foco
⚔️ 23.7% · 🌾 76.3%
Knight ×24 · Fishing Ship ×21 · Scout Cavalry ×14 · Spearman ×3 · Monk ×2
Feudal
12:07
Castillos
22:57
Imperial
—
| APM promedio | 56.0 |
| APM pico | 98 |
| eAPM promedio | 15.4 |
| Aldeanos / militares | 89 / 39 |
Foco
⚔️ 19.3% · 🌾 80.7%
Cavalry Archer ×31 · Scout Cavalry ×8
Mapa de la partida
Recursos iniciales + cada clic de construcción. Líneas = muros · curvas = relieve. ◆ oro · ⬟ piedra · ● bayas · ✦ reliquia · ◌ hueco del cierre
Inputs por minuto
— ZomblaV2 - - noselaw
Build order — ZomblaV2
Primeras 150 de 191 acciones detectadas
| 0:23 | Construir | Town Center |
| 0:27 | Construir | Dock |
| 1:41 | Construir | House |
| 2:34 | Crear | Villager (Male) |
| 2:34 | Crear | Villager (Male) |
| 2:34 | Crear | Villager (Male) |
| 2:35 | Crear | Villager (Male) |
| 3:55 | Construir | House |
| 4:02 | Crear | Villager (Male) |
| 4:03 | Crear | Fishing Ship |
| 4:10 | Construir | Palisade Wall |
| 4:45 | Crear | Villager (Male) |
| 5:10 | Crear | Villager (Male) |
| 5:34 | Crear | Villager (Male) |
| 5:57 | Crear | Villager (Male) |
| 6:06 | Crear | Fishing Ship |
| 6:08 | Construir | House |
| 6:33 | Crear | Villager (Male) |
| 6:49 | Crear | Villager (Male) |
| 6:50 | Crear | Villager (Male) |
| 7:01 | Crear | Fishing Ship |
| 7:03 | Construir | House |
| 7:19 | Construir | House |
| 7:24 | Crear | Villager (Male) |
| 7:25 | Crear | Villager (Male) |
| 7:40 | Crear | Fishing Ship |
| 7:52 | Crear | Villager (Male) |
| 7:55 | Crear | Fishing Ship |
| 8:03 | Construir | House |
| 8:42 | Crear | Villager (Male) |
| 8:46 | Crear | Fishing Ship |
| 8:53 | Construir | House |
| 8:55 | Construir | House |
| 9:10 | Crear | Villager (Male) |
| 9:18 | Crear | Villager (Male) |
| 9:32 | Crear | Villager (Male) |
| 10:01 | Construir | Mill |
| 10:04 | Crear | Villager (Male) |
| 10:04 | Crear | Villager (Male) |
| 10:08 | Construir | Mill |
| 10:19 | Crear | Villager (Male) |
| 10:34 | Construir | House |
| 10:38 | Crear | Villager (Male) |
| 11:08 | Construir | Dock |
| 11:12 | Investigar | Feudal Age |
| 11:25 | Construir | Mining Camp |
| 12:07 | Crear | Fishing Ship |
| 12:32 | Construir | Outpost |
| 12:45 | Crear | Villager (Male) |
| 12:49 | Investigar | Loom |
| 13:20 | Crear | Villager (Male) |
| 13:30 | Edad | Edad Feudal |
| 13:33 | Construir | Market |
| 13:45 | Construir | Blacksmith |
| 14:16 | Construir | Mining Camp |
| 14:42 | Construir | Palisade Wall |
| 14:44 | Construir | Palisade Wall |
| 14:46 | Construir | Palisade Wall |
| 14:52 | Investigar | Castle Age |
| 14:52 | Investigar | Castle Age |
| 15:17 | Construir | Palisade Wall |
| 15:19 | Construir | Palisade Wall |
| 15:21 | Construir | Palisade Wall |
| 16:14 | Construir | Mining Camp |
| 16:58 | Construir | Palisade Wall |
| 17:00 | Construir | Palisade Wall |
| 17:11 | Construir | Lumber Camp |
| 17:19 | Crear | Villager (Male) |
| 17:31 | Edad | Edad de los Castillos |
| 17:36 | Crear | Villager (Male) |
| 17:40 | Crear | Villager (Male) |
| 17:56 | Crear | Villager (Male) |
| 18:12 | Crear | Unit 2626 |
| 18:12 | Crear | Unit 2626 |
| 18:16 | Crear | Villager (Male) |
| 18:36 | Construir | Castle |
| 18:47 | Construir | Palisade Gate |
| 18:49 | Construir | House |
| 18:51 | Construir | Palisade Wall |
| 18:53 | Construir | Palisade Wall |
| 19:00 | Construir | Palisade Wall |
| 19:06 | Construir | Palisade Wall |
| 19:07 | Construir | Palisade Wall |
| 19:12 | Crear | Villager (Male) |
| 19:13 | Crear | Villager (Male) |
| 19:26 | Crear | Villager (Male) |
| 19:40 | Crear | Villager (Male) |
| 20:01 | Construir | Town Center |
| 21:15 | Crear | Unit 1949 |
| 21:16 | Crear | Unit 1949 |
| 21:23 | Crear | Villager (Male) |
| 21:24 | Crear | Villager (Male) |
| 21:29 | Crear | Villager (Male) |
| 21:29 | Crear | Villager (Male) |
| 21:44 | Crear | Unit 1949 |
| 21:48 | Crear | Villager (Male) |
| 21:48 | Crear | Villager (Male) |
| 22:03 | Crear | Villager (Male) |
| 22:03 | Crear | Villager (Male) |
| 22:14 | Crear | Unit 1949 |
| 22:25 | Construir | Monastery |
| 22:33 | Crear | Unit 1949 |
| 22:37 | Crear | Villager (Male) |
| 22:37 | Crear | Villager (Male) |
| 22:57 | Crear | Villager (Male) |
| 22:58 | Crear | Villager (Male) |
| 23:18 | Crear | Monk |
| 23:34 | Investigar | Double-Bit Axe |
| 23:55 | Investigar | Horse Collar |
| 23:55 | Investigar | Horse Collar |
| 24:18 | Crear | Unit 1949 |
| 24:25 | Construir | Farm |
| 24:26 | Construir | Farm |
| 24:27 | Construir | Farm |
| 24:27 | Construir | Farm |
| 24:32 | Construir | Farm |
| 24:33 | Construir | Farm |
| 24:36 | Construir | Farm |
| 24:37 | Construir | Farm |
| 24:44 | Construir | Farm |
| 24:46 | Construir | Farm |
| 24:47 | Construir | Farm |
| 24:48 | Construir | Farm |
| 24:51 | Construir | Farm |
| 24:52 | Construir | Farm |
| 25:05 | Crear | Unit 2626 |
| 25:06 | Crear | Unit 2626 |
| 25:15 | Crear | Unit 1949 |
| 25:25 | Crear | Monk |
| 25:40 | Construir | Farm |
| 25:41 | Construir | Farm |
| 25:43 | Construir | Farm |
| 25:44 | Crear | Villager (Male) |
| 25:44 | Crear | Villager (Male) |
| 25:53 | Crear | Unit 1949 |
| 26:04 | Construir | Siege Workshop |
| 26:06 | Crear | Unit 1949 |
| 26:08 | Investigar | Scale Barding Armor |
| 26:08 | Investigar | Scale Barding Armor |
| 26:24 | Construir | Farm |
| 26:25 | Construir | Outpost |
| 26:28 | Investigar | Town Watch |
| 26:28 | Investigar | Town Watch |
| 26:29 | Crear | Villager (Male) |
| 26:29 | Crear | Villager (Male) |
| 26:43 | Investigar | War Galley (upgrade) |
| 26:43 | Investigar | War Galley (upgrade) |
| 26:47 | Crear | Transport Ship |
| 26:52 | Investigar | Tech 906 |
| 26:52 | Investigar | Tech 906 |
Build order — noselaw
115 acciones detectadas en el replay
| 0:11 | Construir | Town Center |
| 0:22 | Construir | Dock |
| 0:25 | Construir | House |
| 2:33 | Crear | Villager (Male) ×4 |
| 3:39 | Crear | Villager (Male) |
| 3:59 | Investigar | Loom |
| 4:04 | Crear | Fishing Ship |
| 4:48 | Crear | Fishing Ship |
| 5:01 | Construir | House |
| 5:05 | Crear | Villager (Male) |
| 5:39 | Crear | Villager (Male) |
| 5:47 | Crear | Fishing Ship |
| 6:17 | Crear | Villager (Male) |
| 6:22 | Construir | House |
| 6:48 | Crear | Fishing Ship |
| 6:50 | Crear | Villager (Male) |
| 7:07 | Construir | House |
| 7:12 | Crear | Villager (Male) |
| 7:33 | Crear | Villager (Male) |
| 7:38 | Crear | Fishing Ship |
| 7:44 | Construir | House |
| 8:00 | Crear | Villager (Male) |
| 8:01 | Crear | Villager (Male) |
| 8:14 | Crear | Villager (Male) |
| 8:15 | Crear | Villager (Male) |
| 8:38 | Construir | House |
| 9:07 | Construir | House |
| 9:24 | Construir | House |
| 9:36 | Construir | Lumber Camp |
| 10:08 | Crear | Villager (Male) |
| 10:08 | Crear | Villager (Male) |
| 10:38 | Investigar | Feudal Age |
| 10:42 | Construir | Mining Camp |
| 11:18 | Construir | House |
| 12:25 | Construir | Dock |
| 13:08 | Edad | Edad Feudal |
| 13:11 | Construir | Mill |
| 13:13 | Construir | Blacksmith |
| 13:24 | Crear | Villager (Male) |
| 13:24 | Crear | Villager (Male) |
| 13:27 | Crear | Fire Galley |
| 13:49 | Construir | Dock |
| 14:12 | Construir | Market |
| 14:17 | Crear | Villager (Male) |
| 14:45 | Crear | Fire Galley |
| 15:16 | Construir | House |
| 15:26 | Crear | Villager (Male) |
| 15:27 | Investigar | Castle Age |
| 15:45 | Construir | Barracks |
| 15:58 | Investigar | Fletching |
| 17:10 | Construir | Archery Range |
| 17:19 | Construir | House |
| 17:31 | Investigar | Padded Archer Armor |
| 17:32 | Crear | Villager (Male) |
| 18:10 | Crear | Archer |
| 18:16 | Construir | Archery Range |
| 18:31 | Edad | Edad de los Castillos |
| 18:32 | Crear | Archer |
| 18:58 | Crear | Archer |
| 19:05 | Construir | Siege Workshop |
| 19:35 | Crear | Villager (Male) |
| 19:37 | Crear | Villager (Male) |
| 19:40 | Crear | Battering Ram |
| 20:12 | Construir | University |
| 20:34 | Construir | Mining Camp |
| 20:54 | Crear | Battering Ram |
| 21:08 | Investigar | Double-Bit Axe |
| 21:29 | Crear | Battering Ram |
| 21:36 | Crear | Archer |
| 21:40 | Crear | Archer |
| 22:12 | Crear | Villager (Male) |
| 22:12 | Crear | Villager (Male) |
| 22:19 | Crear | Battering Ram |
| 22:49 | Construir | Farm |
| 22:54 | Construir | Farm |
| 22:56 | Crear | Villager (Male) |
| 23:02 | Construir | Farm |
| 23:14 | Investigar | Crossbowman (upgrade) |
| 23:47 | Crear | Archer |
| 23:47 | Crear | Archer |
| 24:02 | Construir | Monastery |
| 24:07 | Construir | Farm |
| 24:08 | Crear | Villager (Male) |
| 24:10 | Crear | Archer |
| 24:25 | Crear | Villager (Male) |
| 24:29 | Investigar | Gold Mining |
| 25:02 | Construir | Farm |
| 25:02 | Crear | Monk |
| 25:16 | Crear | Villager (Male) |
| 25:22 | Construir | Farm |
| 25:25 | Construir | Farm |
| 25:38 | Crear | Villager (Male) |
| 25:42 | Crear | Archer |
| 25:51 | Crear | Monk |
| 25:56 | Crear | Villager (Male) |
| 26:13 | Construir | House |
| 26:18 | Crear | Archer |
| 26:32 | Crear | Monk |
| 26:37 | Crear | Archer |
| 26:57 | Crear | Villager (Male) |
| 26:58 | Crear | Villager (Male) |
| 27:13 | Construir | House |
| 27:14 | Construir | House |
| 28:24 | Crear | Monk |
| 28:46 | Investigar | Ballistics |
| 28:48 | Investigar | Bodkin Arrow |
| 28:49 | Crear | Villager (Male) |
| 29:41 | Investigar | Redemption |
| 29:49 | Crear | Villager (Male) |
| 31:06 | Investigar | Herbal Medicine |
| 31:06 | Investigar | Herbal Medicine |
| 31:21 | Investigar | Wheelbarrow |
| 31:37 | Construir | Town Center |
| 32:18 | Construir | Archery Range |
| 32:19 | Construir | Archery Range |
Build order — Hano
Primeras 150 de 222 acciones detectadas
| 0:04 | Construir | Dock |
| 0:13 | Construir | Town Center |
| 0:44 | Construir | House |
| 2:47 | Crear | Villager (Male) |
| 2:48 | Crear | Villager (Male) |
| 2:48 | Crear | Villager (Male) |
| 2:51 | Crear | Villager (Male) |
| 2:51 | Crear | Villager (Male) |
| 2:52 | Crear | Villager (Male) |
| 3:09 | Crear | Villager (Male) |
| 3:59 | Crear | Fishing Ship |
| 4:39 | Crear | Fishing Ship |
| 4:45 | Construir | House |
| 4:51 | Investigar | Loom |
| 4:54 | Crear | Villager (Male) |
| 5:19 | Crear | Villager (Male) |
| 5:41 | Crear | Fishing Ship |
| 5:41 | Crear | Fishing Ship |
| 5:52 | Crear | Villager (Male) |
| 6:02 | Construir | House |
| 6:15 | Crear | Villager (Male) |
| 6:15 | Crear | Villager (Male) |
| 6:38 | Crear | Villager (Male) |
| 6:45 | Crear | Fishing Ship |
| 6:45 | Crear | Fishing Ship |
| 7:09 | Crear | Villager (Male) |
| 7:21 | Construir | House |
| 7:23 | Crear | Villager (Male) |
| 7:49 | Crear | Villager (Male) |
| 8:04 | Crear | Fishing Ship |
| 8:04 | Crear | Fishing Ship |
| 8:26 | Crear | Villager (Male) |
| 8:36 | Crear | Fishing Ship |
| 8:50 | Crear | Villager (Male) |
| 8:56 | Construir | Mill |
| 9:08 | Crear | Villager (Male) |
| 9:38 | Crear | Villager (Male) |
| 9:48 | Construir | House |
| 9:56 | Crear | Villager (Male) |
| 10:19 | Construir | House |
| 10:30 | Crear | Villager (Male) |
| 10:56 | Crear | Fishing Ship |
| 10:56 | Crear | Fishing Ship |
| 11:03 | Crear | Villager (Male) |
| 11:17 | Crear | Villager (Male) |
| 11:25 | Construir | Dock |
| 11:46 | Investigar | Feudal Age |
| 11:46 | Investigar | Feudal Age |
| 11:57 | Construir | Mining Camp |
| 12:14 | Crear | Villager (Male) |
| 12:38 | Construir | House |
| 13:18 | Crear | Fishing Ship |
| 13:55 | Edad | Edad Feudal |
| 14:02 | Construir | Blacksmith |
| 14:16 | Crear | Villager (Male) |
| 14:30 | Construir | Market |
| 14:37 | Crear | Villager (Male) |
| 14:57 | Crear | Villager (Male) |
| 15:15 | Investigar | Castle Age |
| 15:22 | Construir | Palisade Wall |
| 15:24 | Construir | Palisade Wall |
| 15:26 | Construir | Palisade Wall |
| 15:34 | Crear | Villager (Male) |
| 15:43 | Construir | House |
| 15:51 | Construir | Barracks |
| 16:15 | Construir | Lumber Camp |
| 16:47 | Crear | Spearman |
| 16:48 | Crear | Spearman |
| 16:54 | Investigar | Double-Bit Axe |
| 17:51 | Edad | Edad de los Castillos |
| 18:03 | Construir | Stable |
| 18:13 | Crear | Villager (Male) |
| 18:16 | Construir | House |
| 18:22 | Construir | House |
| 18:30 | Crear | Villager (Male) |
| 18:45 | Crear | Spearman |
| 18:47 | Crear | Villager (Male) |
| 19:00 | Construir | Stable |
| 19:05 | Crear | Fishing Ship |
| 19:05 | Crear | Fishing Ship |
| 19:13 | Construir | Farm |
| 19:13 | Construir | Farm |
| 19:14 | Construir | Farm |
| 19:19 | Crear | Villager (Male) |
| 19:20 | Crear | Villager (Male) |
| 19:20 | Crear | Villager (Male) |
| 19:35 | Construir | House |
| 20:03 | Construir | Farm |
| 20:05 | Investigar | Horse Collar |
| 20:07 | Crear | Fishing Ship |
| 20:07 | Crear | Fishing Ship |
| 20:10 | Crear | Knight ×4 |
| 20:11 | Crear | Knight |
| 20:16 | Crear | Villager (Male) |
| 20:19 | Crear | Knight |
| 20:31 | Construir | House |
| 20:32 | Crear | Villager (Male) |
| 20:36 | Investigar | Bow Saw |
| 20:39 | Construir | Farm |
| 20:59 | Investigar | Forging |
| 21:00 | Crear | Scout Cavalry |
| 21:04 | Crear | Knight |
| 21:04 | Crear | Knight |
| 21:08 | Construir | Stable |
| 21:11 | Construir | Farm |
| 21:22 | Construir | Fish Trap |
| 21:23 | Crear | Villager (Male) |
| 21:27 | Construir | House |
| 21:41 | Construir | Lumber Camp |
| 21:48 | Crear | Knight |
| 21:49 | Investigar | Scale Barding Armor |
| 21:51 | Crear | Villager (Male) |
| 21:53 | Construir | House |
| 22:12 | Investigar | Bloodlines |
| 22:29 | Crear | Villager (Male) |
| 22:38 | Construir | Town Center |
| 22:44 | Crear | Knight |
| 22:45 | Crear | Villager (Male) |
| 22:59 | Construir | Fish Trap |
| 23:03 | Construir | Fish Trap |
| 23:08 | Crear | Villager (Male) |
| 23:11 | Construir | Fish Trap |
| 23:13 | Investigar | Tech 906 |
| 23:17 | Construir | Fish Trap |
| 23:30 | Crear | Villager (Male) |
| 23:36 | Construir | Fish Trap |
| 23:37 | Construir | Fish Trap |
| 23:42 | Crear | Villager (Male) |
| 23:48 | Construir | Fish Trap |
| 23:57 | Crear | Villager (Male) |
| 24:04 | Construir | Dock |
| 24:12 | Crear | Villager (Male) |
| 24:15 | Crear | Villager (Male) |
| 24:25 | Crear | Knight |
| 24:25 | Crear | Knight |
| 24:36 | Construir | Farm |
| 24:44 | Construir | Town Center |
| 24:45 | Crear | Villager (Male) |
| 25:03 | Crear | Villager (Male) |
| 25:04 | Construir | House |
| 25:07 | Construir | Fish Trap |
| 25:12 | Construir | Fish Trap |
| 25:17 | Construir | Fish Trap |
| 25:18 | Crear | Villager (Male) |
| 25:21 | Construir | Fish Trap |
| 25:24 | Crear | Fishing Ship |
| 25:35 | Crear | Villager (Male) |
| 25:40 | Crear | Knight ×2 |
| 25:49 | Crear | Villager (Male) |
| 26:13 | Crear | Villager (Male) |
Build order — Peru_o_O
Primeras 150 de 224 acciones detectadas
| 0:28 | Construir | Town Center |
| 2:27 | Crear | Villager (Male) |
| 2:27 | Crear | Villager (Male) |
| 2:29 | Crear | Villager (Male) |
| 2:29 | Crear | Villager (Male) |
| 2:29 | Crear | Villager (Male) |
| 2:30 | Crear | Villager (Male) |
| 2:36 | Investigar | Loom |
| 2:36 | Investigar | Loom |
| 2:36 | Investigar | Loom |
| 2:37 | Crear | Villager (Male) |
| 2:38 | Crear | Villager (Male) |
| 2:38 | Crear | Villager (Male) |
| 2:38 | Crear | Villager (Male) |
| 2:38 | Crear | Villager (Male) |
| 3:43 | Crear | Villager (Male) |
| 3:43 | Crear | Villager (Male) |
| 3:44 | Crear | Villager (Male) |
| 4:14 | Crear | Villager (Male) |
| 5:07 | Crear | Villager (Male) |
| 5:07 | Crear | Villager (Male) |
| 5:07 | Crear | Villager (Male) |
| 5:07 | Crear | Villager (Male) |
| 5:43 | Crear | Villager (Male) |
| 5:43 | Crear | Villager (Male) |
| 5:44 | Crear | Villager (Male) |
| 6:36 | Crear | Villager (Male) |
| 6:36 | Crear | Villager (Male) |
| 6:36 | Crear | Villager (Male) |
| 6:36 | Crear | Villager (Male) |
| 6:48 | Construir | Lumber Camp |
| 6:59 | Crear | Villager (Male) |
| 6:59 | Crear | Villager (Male) |
| 7:10 | Crear | Villager (Male) |
| 7:11 | Crear | Villager (Male) |
| 7:11 | Crear | Villager (Male) |
| 7:11 | Crear | Villager (Male) |
| 9:19 | Construir | Mill |
| 9:21 | Crear | Villager (Male) |
| 9:57 | Investigar | Feudal Age |
| 9:57 | Investigar | Feudal Age |
| 9:58 | Investigar | Feudal Age |
| 10:59 | Construir | Barracks |
| 11:38 | Crear | Villager (Male) |
| 12:07 | Edad | Edad Feudal |
| 12:10 | Construir | Stable |
| 12:13 | Crear | Villager (Male) |
| 12:31 | Investigar | Double-Bit Axe |
| 12:31 | Investigar | Double-Bit Axe |
| 12:32 | Investigar | Double-Bit Axe |
| 12:44 | Crear | Scout Cavalry |
| 12:44 | Crear | Scout Cavalry |
| 12:45 | Crear | Scout Cavalry |
| 12:45 | Crear | Scout Cavalry |
| 12:45 | Crear | Scout Cavalry |
| 12:59 | Crear | Villager (Male) |
| 13:15 | Construir | Blacksmith |
| 13:29 | Crear | Villager (Male) |
| 13:37 | Construir | Farm |
| 13:44 | Construir | Farm |
| 13:45 | Crear | Villager (Male) |
| 13:45 | Crear | Villager (Male) |
| 14:14 | Construir | Farm |
| 14:36 | Crear | Villager (Male) |
| 14:37 | Crear | Villager (Male) |
| 14:37 | Crear | Villager (Male) |
| 14:37 | Crear | Villager (Male) |
| 14:37 | Crear | Villager (Male) |
| 14:39 | Construir | Farm |
| 14:40 | Construir | Farm |
| 15:40 | Investigar | Wheelbarrow |
| 15:40 | Investigar | Wheelbarrow |
| 15:40 | Investigar | Wheelbarrow |
| 15:41 | Crear | Villager (Male) |
| 15:43 | Construir | Farm |
| 15:45 | Construir | Farm |
| 15:54 | Crear | Scout Cavalry |
| 15:54 | Crear | Scout Cavalry |
| 15:55 | Crear | Scout Cavalry |
| 16:22 | Crear | Villager (Male) |
| 16:24 | Construir | Farm |
| 16:25 | Construir | Farm |
| 16:47 | Crear | Villager (Male) |
| 16:49 | Construir | Farm |
| 16:50 | Construir | Farm |
| 17:16 | Crear | Villager (Male) |
| 17:40 | Construir | Farm |
| 17:41 | Construir | Farm |
| 18:12 | Construir | Mining Camp |
| 19:26 | Crear | Villager (Male) |
| 19:36 | Crear | Villager (Male) |
| 20:08 | Construir | Lumber Camp |
| 20:17 | Investigar | Castle Age |
| 20:17 | Investigar | Castle Age |
| 20:17 | Investigar | Castle Age |
| 20:29 | Construir | Archery Range |
| 20:31 | Construir | Archery Range |
| 20:45 | Investigar | Horse Collar |
| 20:45 | Investigar | Horse Collar |
| 20:45 | Investigar | Horse Collar |
| 20:46 | Investigar | Fletching |
| 20:46 | Investigar | Fletching |
| 20:46 | Investigar | Fletching |
| 21:46 | Construir | Farm |
| 21:47 | Construir | Farm |
| 22:03 | Investigar | Bloodlines |
| 22:03 | Investigar | Bloodlines |
| 22:03 | Investigar | Bloodlines |
| 22:03 | Investigar | Bloodlines |
| 22:27 | Crear | Villager (Male) |
| 22:57 | Edad | Edad de los Castillos |
| 22:58 | Crear | Villager (Male) |
| 22:59 | Crear | Cavalry Archer |
| 22:59 | Crear | Cavalry Archer |
| 23:01 | Crear | Cavalry Archer |
| 23:01 | Crear | Cavalry Archer |
| 23:03 | Investigar | Bodkin Arrow |
| 23:03 | Investigar | Bodkin Arrow |
| 23:03 | Investigar | Bodkin Arrow |
| 23:03 | Investigar | Bodkin Arrow |
| 23:06 | Crear | Villager (Male) |
| 23:09 | Investigar | Bow Saw |
| 23:09 | Investigar | Bow Saw |
| 23:09 | Investigar | Bow Saw |
| 23:09 | Investigar | Bow Saw |
| 23:52 | Crear | Villager (Male) |
| 24:11 | Crear | Cavalry Archer |
| 24:23 | Crear | Cavalry Archer |
| 24:49 | Crear | Cavalry Archer |
| 24:49 | Crear | Cavalry Archer |
| 24:50 | Crear | Cavalry Archer |
| 25:07 | Construir | Town Center |
| 25:30 | Crear | Cavalry Archer |
| 25:31 | Crear | Cavalry Archer |
| 25:32 | Crear | Villager (Male) |
| 25:32 | Crear | Villager (Male) |
| 25:33 | Crear | Villager (Male) |
| 25:51 | Construir | Farm |
| 25:51 | Construir | Farm |
| 25:53 | Investigar | Heavy Plow |
| 25:54 | Investigar | Heavy Plow |
| 25:54 | Investigar | Heavy Plow |
| 26:00 | Crear | Cavalry Archer |
| 26:00 | Crear | Cavalry Archer |
| 26:04 | Crear | Villager (Male) |
| 26:04 | Crear | Villager (Male) |
| 26:05 | Crear | Villager (Male) |
| 26:44 | Crear | Villager (Male) |
| 26:45 | Crear | Villager (Male) |
| 26:48 | Construir | Farm |
Cronología de la partida
| 0:04 | Hano · first_building Dock |
| 0:22 | noselaw · first_building Dock |
| 0:27 | ZomblaV2 · first_building Dock |
| 4:10 | ZomblaV2 · wall_segment Palisade Wall x1 |
| 10:59 | Peru_o_O · first_building Barracks |
| 12:07 | Peru_o_O · age_up feudal |
| 12:10 | Peru_o_O · first_building Stable |
| 13:08 | noselaw · age_up feudal |
| 13:30 | ZomblaV2 · age_up feudal |
| 13:55 | Hano · age_up feudal |
| 14:42 | ZomblaV2 · wall_segment Palisade Wall x1 |
| 14:44 | ZomblaV2 · wall_segment Palisade Wall x1 |
| 14:46 | ZomblaV2 · wall_segment Palisade Wall x1 |
| 15:17 | ZomblaV2 · wall_segment Palisade Wall x1 |
| 15:19 | ZomblaV2 · wall_segment Palisade Wall x1 |
| 15:21 | ZomblaV2 · wall_segment Palisade Wall x1 |
| 15:22 | Hano · wall_segment Palisade Wall x1 |
| 15:24 | Hano · wall_segment Palisade Wall x1 |
| 15:26 | Hano · wall_segment Palisade Wall x1 |
| 15:45 | noselaw · first_building Barracks |
| 15:51 | Hano · first_building Barracks |
| 16:58 | ZomblaV2 · wall_segment Palisade Wall x1 |
| 17:00 | ZomblaV2 · wall_segment Palisade Wall x1 |
| 17:10 | noselaw · first_building Archery Range |
| 17:31 | ZomblaV2 · age_up castle |
| 17:51 | Hano · age_up castle |
| 18:03 | Hano · first_building Stable |
| 18:09 | ZomblaV2 · first_market_sell 100 wood |
| 18:31 | noselaw · age_up castle |
| 18:36 | ZomblaV2 · first_building Castle |
| 18:51 | ZomblaV2 · wall_segment Palisade Wall x1 |
| 18:53 | ZomblaV2 · wall_segment Palisade Wall x1 |
| 19:00 | ZomblaV2 · wall_segment Palisade Wall x1 |
| 19:05 | noselaw · first_building Siege Workshop |
| 19:06 | ZomblaV2 · wall_segment Palisade Wall x1 |
| 19:07 | ZomblaV2 · wall_segment Palisade Wall x1 |
| 20:29 | Peru_o_O · first_building Archery Range |
| 20:43 | noselaw · first_market_sell 100 stone |
| 20:45 | noselaw · first_market_buy 100 food |
| 22:25 | ZomblaV2 · first_building Monastery |
| 22:40 | Hano · first_market_sell 100 wood |
| 22:57 | Peru_o_O · age_up castle |
| 24:02 | noselaw · first_building Monastery |
| 25:04 | ZomblaV2 · first_market_buy 100 wood |
| 26:04 | ZomblaV2 · first_building Siege Workshop |
| 29:15 | Hano · first_market_buy 100 stone |
| 29:22 | Hano · first_building Monastery |
| 29:27 | Hano · first_building Siege Workshop |
| 31:10 | Hano · first_building Archery Range |
| 32:48 | Peru_o_O · resign |
[ ANÁLISIS IA · 1 CRÉDITO ]
¿Qué pasó realmente en esta partida?
Wolo.gg analiza cada decisión: build order, eco, micro, errores típicos por bracket. Análisis personalizado por WhatsApp o Discord en 30 segundos.
Guía civ
Wei
Guía mapa
Nomad
Perfil
ZomblaV2